 Dungeon Crawl Stone Soup version 0.30-a0-1066-g63dfefce0d (webtiles) character file.

Game seed: 8123252757472874388

71 IdlyInterested the Cutter (level 4, 0/34 HPs)
             Began as a Demonspawn Gladiator on Apr 12, 2023.
             Slain by a river rat (3 damage)
             ... in a sewer.
             The game lasted 00:05:57 (2267 turns).

IdlyInterested the Cutter (Demonspawn Gladiator)    Turns: 2267, Time: 00:05:57

Health: 0/34       AC:  7    Str: 14    XL:     4   Next: 5%
Magic:  4/4        EV: 10    Int:  9    God:
Gold:   177        SH:  0    Dex: 17    Spells: 3/3 levels left

rFire   . . .      SeeInvis .    a - +0 rapier
rCold   . . .      Faith    .    (no shield)
rNeg    + . .      Spirit   .    j - +0 scale mail
rPois   .          Reflect  .    c - +0 helmet
rElec   .          Rampage  .    (no cloak)
rCorr   .                        (no gloves)
Will    +....                    (no boots) Stlth
                                 (no amulet)
HPRegen 0.25/turn                f - ring of positive energy
MPRegen 0.09/turn                m - ring of willpower

@: no status effects
A: claws 1
a: no special abilities


You were in a sewer.
You visited 1 branch of the dungeon, and saw 3 of its levels.
You also visited: Sewer.

You collected 177 gold pieces.

Inventory:

Hand Weapons
 a - a +0 rapier (weapon)
Missiles
 d - 3 throwing nets
 e - a javelin
 g - 17 stones (quivered)
 p - 2 poisoned darts
Armour
 b - a +0 leather armour
 c - a +0 helmet (worn)
 j - a +0 scale mail (worn)
 r - a +0 ring mail
Jewellery
 f - a ring of positive energy (left claw)
 m - a ring of willpower (right claw)
Scrolls
 i - a scroll of magic mapping
 k - a scroll of immolation {unknown}
 o - a scroll of fear {unknown}
 q - a scroll of teleportation {unknown}
 t - 3 scrolls of poison {unknown}
Potions
 h - a potion of heal wounds {unknown}
 l - 2 potions of mutation
 n - a potion of attraction
 s - 2 potions of curing


   Skills:
 + Level 2.7 Fighting
 * Level 3.3 Short Blades
 - Level 2.0 Throwing
 - Level 1.0 Armour
 - Level 3.0 Dodging
 - Level 1.0 Unarmed Combat
 * Level 0.0 Evocations


You had 3 spell levels left.
You didn't know any spells.
Your spell library contained the following spells:

 Spells                   Type           Power      Damage    Failure   Level
 Sublimation of Blood     Necr           0%         N/A       95%         2
 Petrify                  Tmut/Erth      0%         N/A       100%        4
 Alistair's Intoxication  Tmut/Pois      0%         N/A       100%        5
 Borgnjor's Vile Clutch   Necr/Erth      0%         N/A       100%        5
 Irradiate                Conj/Tmut      0%         3d11      100%        5
 Eringya's Noxious Bog    Tmut/Pois      0%         N/A       100%        6


Dungeon Overview and Level Annotations

Branches:
Dungeon (3/15)              Sewer (1/1)

Altars:

Shops:
D:2 :


Innate Abilities, Weirdness & Mutations

You have sharp fingernails.


Message History

You hit the river rat.
The river rat is lightly wounded.
The rat misses you. The river rat bites you.
You hit the river rat.
You claw the river rat, but do no damage.
The river rat is moderately wounded.
The rat misses you. The river rat closely misses you.
You hit the river rat.
The river rat is severely wounded.
The rat bites you but does no damage. The river rat bites you!
You barely miss the river rat.
The river rat is severely wounded.
The rat bites you but does no damage. The river rat bites you.
You completely miss the river rat.
The river rat is severely wounded.
The rat closely misses you. The river rat bites you.
You hit the river rat.
The river rat is almost dead.
The rat closely misses you.
The river rat bites you but does no damage.
You hit the river rat but do no damage.
The river rat is almost dead.
The rat bites you but does no damage. The river rat closely misses you.
You barely miss the river rat.
The river rat is almost dead.
The rat closely misses you. The river rat barely misses you.
You hit the river rat but do no damage.
The river rat is almost dead.
The rat bites you but does no damage. The river rat bites you.
* * * LOW HITPOINT WARNING * * *
You barely miss the river rat.
The river rat is almost dead.
The rat bites you but does no damage. The river rat bites you.
* * * LOW HITPOINT WARNING * * *
You hit the river rat but do no damage.
The river rat is almost dead.
The rat bites you.
* * * LOW HITPOINT WARNING * * *
The river rat bites you.
You die...

#########
###~.~∩..~###
#~r@~~∩.~~~~#
#~~.r.#####.~~~.
#~..### #~..
#..~# ~~ #.~~ .
#~~ ##


You could see a river rat and a rat.

Vanquished Creatures
  A river rat (D:3)
  A worm (D:3)
  5 dart slugs
  5 endoplasms
  2 giant cockroaches
  4 goblins (D:1)
  3 hobgoblins
  2 jackals (D:3)
  3 quokkas
  5 ball pythons
  7 bats
  4 kobolds
  4 rats
46 creatures vanquished.

Notes
Turn   | Place    | Note
-------+----------+-------------------------------------------
     0 | D:1      | IdlyInterested the Demonspawn Gladiator began the quest for
                  | the Orb.
     0 | D:1      | Reached XP level 1. HP: 16/16 MP: 1/1
   230 | D:1      | Discovered your monstrous ancestry.
   230 | D:1      | Gained mutation: You have sharp fingernails. [demonic
                  | ancestry]
   230 | D:1      | Reached XP level 2. HP: 22/22 MP: 2/2
   619 | D:1      | Reached XP level 3. HP: 28/28 MP: 3/3
   898 | D:2      | Found Bohum's Book Emporium.
  1338 | D:2      | Reached skill level 1 in Armour
  1494 | D:2      | Found a faded altar of an unknown god.
  2232 | D:3      | Found a glowing drain.
  2243 | D:3      | Reached XP level 4. HP: 33/34 MP: 4/4
  2247 | D:3      | Reached skill level 1 in Unarmed Combat
  2252 | Sewer    | Entered a sewer
  2267 | Sewer    | Slain by a river rat

Illustrated notes

Levels and vault maps discovered:
D:1:      spicycebolla_arrival_risky_transporter, layout_basic
D:2:      layout_basic, serial_shops, nicolae_shop_hallway_stairs,
          nicolae_ecumenical_snake_handling
D:3:      layout_basic, nicolae_ashenzari_panopticon, grunt_qazlal_sundering,
          portal_sewer_entry_c, serial_bayou_crossing
Sewer:    sewer_hellmonk_bad_rat

Skill      XL: |  1  2  3  4 |
---------------+-------------+-----
Dodging        | 3 |  3.0
Throwing       | 2 |  2.0
Short Blades   | 3 |  3.3
Armour         | 1 |  1.0
Unarmed Combat | 1 |  1.0
Fighting       | |  2.7

Action                     |  1- 3 |  4- 6 || total
---------------------------+-------+-------++-------
  Melee: Rapier            |   125 |    17 ||   142
         Punch             |     1 |     1 ||     2
    Use: Scroll            |     4 |       ||     4
 Armour: Leather armour    |    27 |       ||    27
         Scale mail        |     9 |     8 ||    17
  Dodge: Dodged            |    68 |    10 ||    78

Table legend: (Time is in decaauts)
 A = Elapsed time spent in this place.
 B = Non-inter-level travel time spent in this place.
 C = Inter-level travel time spent in this place.
 D = Time resting spent in this place.
 E = Time spent auto-exploring this place.
 F = Levels seen in this place.
 G = Mean time per level.
                   A        B        C        D        E       F      G
               +--------+--------+--------+--------+--------+-----+--------+
         Total |   2275 |   2076 |    199 |    118 |   1455 |   4 |  568.8 |
       Dungeon |   2259 |   2060 |    199 |    118 |   1455 |   3 |  753.0 |
         Sewer |     16 |     16 |      0 |      0 |      0 |   1 |   16.0 |
               +--------+--------+--------+--------+--------+-----+--------+

Top non-repeatable levels by time:
     D:2: 1151 daAuts
     D:1: 978 daAuts
     D:3: 129 daAuts
   Sewer: 16 daAuts
